 Dungeon Crawl Stone Soup version 0.23.2-1-ga50397a (webtiles) character file.

Game seed: 9534054837287794112

29046 teukkam the Quickloader (level 13, -4/166 HPs)
             Began as a Minotaur Fighter on May 25, 2019.
             Was an Initiate of Gozag.
             Slain by Snorg (14 damage)
             ... on level 4 of the Lair of Beasts on May 28, 2019.
             The game lasted 01:04:41 (18492 turns).

teukkam the Quickloader (Minotaur Fighter)         Turns: 18492, Time: 01:04:43

Health: -4/166     AC: 15    Str: 30    XL:     13   Next: 13%
Magic:  12/12      EV:  9    Int:  3    God:    Gozag
Gold:   1944       SH:  7    Dex: 15    Spells: 12/12 levels left

rFire    . . .     SeeInvis +   a - +5 war axe of Risk Management {venom, Int-2 Dex+4 SInv}
rCold    . . .     Gourm    .   m - +1 buckler {AC+3}
rNeg     + . .     Faith    .   p - +0 chain mail
rPois    .         Spirit   .   (helmet restricted)
rElec    .         Reflect  .   (no cloak)
rCorr    .         Harm     .   (no gloves)
MR       +....                  k - +0 pair of boots
Stlth    ..........             I - amulet of magic regeneration
HPRegen  0.37/turn              K - ring of protection from magic
MPRegen  0.38/turn              i - ring of positive energy

@: berserking, very quick
A: retaliatory headbutt, horns 2
a: Potion Petition, Call Merchant, Bribe Branch, Renounce Religion


You were on level 4 of the Lair of Beasts.
You worshipped Gozag.
Gozag was most pleased with you.
You were not hungry.

You visited 3 branches of the dungeon, and saw 16 of its levels.
You also visited: Sewer.

You collected 3927 gold pieces.
You spent 1820 gold pieces at shops.
You paid 163 gold pieces to Gozag.

Inventory:

Hand Weapons
 a - the +5 war axe of Risk Management (weapon) {venom, Int-2 Dex+4 SInv}
   (You found it on level 3 of the Lair of Beasts)

   It poisons the flesh of those it strikes.
   It affects your intelligence (-2).
   It affects your dexterity (+4).
   It lets you see invisible.
 b - the +0 hand crossbow of Equivalence {velocity, Str+4 Stlth+}
   (You bought it in a shop on level 9 of the Dungeon)

   Any bolt fired from it inflicts extra damage.
   It affects your strength (+4).
   It makes you more stealthy.
 c - a +1 scimitar of flaming
 x - the +7 shortbow of Okawaru's Supremacy {velocity, Int+6}
   (You bought it in a shop on level 9 of the Dungeon)

   Any arrow fired from it inflicts extra damage.
   It affects your intelligence (+6).
 z - a +1 dagger of chaos
 E - a +0 blowgun
 L - a +0 hand crossbow of freezing
 M - a +2 hunting sling of flaming
 R - a +0 war axe of freezing
 W - the +4 spear of the Ten Continents {elec, rPois Int+5}
   (You bought it in a shop on level 10 of the Dungeon)

   Occasionally, upon striking a foe, it will discharge some electrical energy
   and cause terrible harm.
   It affects your intelligence (+5).
   It protects you from poison.
Missiles
 j - 68 poisoned needles
 l - 11 tomahawks
 q - 140 sling bullets
 N - 418 stones
 O - 4 javelins (quivered)
 P - 33 bolts
Armour
 k - a +0 pair of boots (worn)
 m - a +1 buckler of protection (worn)
 p - a +0 chain mail (worn)
Jewellery
 i - a ring of positive energy (right hand)
 I - an amulet of magic regeneration (around neck)
 K - a ring of protection from magic (left hand)
Wands
 v - a wand of random effects (16)
 S - a wand of enslavement (7)
 U - a wand of polymorph (10)
Scrolls
 d - 5 scrolls of remove curse
 w - 12 scrolls of identify
 y - 5 scrolls of teleportation
 C - 2 scrolls of fear {unknown}
 D - 3 scrolls of amnesia {unknown}
 F - 6 scrolls of magic mapping
 H - 5 scrolls of enchant armour {unknown}
 Q - a scroll of immolation {unknown}
 T - a scroll of blinking
 V - a scroll of enchant weapon
Potions
 e - 7 potions of flight
 g - a potion of ambrosia {unknown}
 h - 2 potions of degeneration {unknown}
 n - a potion of invisibility {unknown}
 o - a potion of mutation {unknown}
 r - 2 potions of magic {unknown}
 s - 6 potions of lignification {unknown}
 t - 4 potions of cancellation {unknown}
 u - 2 potions of brilliance {unknown}
 B - a potion of resistance {unknown}
 J - 6 potions of curing
 X - a potion of haste {unknown}
Comestibles
 f - 15 rations


   Skills:
 - Level 9.2 Fighting
 - Level 2.1 Long Blades
 + Level 9.3(11.0) Axes
 - Level 9.6(11.2) Polearms
 - Level 5.9(7.6) Slings
 + Level 13.4 Crossbows
 - Level 6.8(7.6) Throwing
 - Level 9.3 Armour
 - Level 9.2 Shields


You had 12 spell levels left.
You didn't know any spells.
Your spell library contained the following spells:

 Spells                   Type           Power        Failure   Level  Hunger
 Animate Skeleton         Necr           N/A          94%         1    ##.....
 Pain                     Necr           #...         94%         1    ##.....
 Sandblast                Erth           #.....       94%         1    ##.....
 Summon Small Mammal      Summ           #...         94%         1    ##.....
 Call Imp                 Summ           #.......     98%         2    ###....
 Passwall                 Tmut/Erth      #.......     98%         2    ###....
 Call Canine Familiar     Summ           #.......     100%        3    ####...
 Regeneration             Chrm/Necr      #.........   100%        3    ####...
 Stone Arrow              Conj/Erth      #.....       100%        3    ####...
 Summon Guardian Golem    Hex/Summ       #.......     100%        3    ####...
 Vampiric Draining        Necr           #.........   100%        3    ####...
 Animate Dead             Necr           N/A          100%        4    #####..
 Petrify                  Tmut/Erth      #.......     100%        4    #####..
 Summon Ice Beast         Ice/Summ       #.......     100%        4    #####..
 Summon Lightning Spire   Summ/Air       #.......     100%        4    #####..
 Lee's Rapid Deconstruct  Erth           #.........   100%        5    ######.


Dungeon Overview and Level Annotations

Branches:
Dungeon (11/15)            Temple (1/1) D:7            Lair (4/6) D:11
 Shoals (0/4) Lair:2          Orc (0/2) D:11
  Snake: Lair:2-4    Spider: Lair:2-4

Altars:
Ashenzari
Cheibriados
Dithmenos
Elyvilon
Fedhas
Gozag
Hepliaklqana
Kikubaaqudgha
Makhleb
Nemelex Xobeh
Okawaru
Qazlal
Ru
Sif Muna
Trog
Uskayaw
Vehumet
Wu Jian
Xom
Yredelemnul
Zin
The Shining One

Shops:
D:8 ?   D:9 (   D:10 (   D:11 *[

Annotations:
D:10 2 transporters, Hogrash's ghost, journeyman HOMo
Lair:4 Snorg


Innate Abilities, Weirdness & Mutations

You reflexively headbutt those who attack you in melee.
You have a pair of horns on your head.


Message History

You closely miss Snorg.
Snorg is heavily wounded.
You block Snorg's attack. Snorg claws you but does no damage.
You block Snorg's attack.
You slice Snorg!!
Snorg looks as sick as possible!
You headbutt Snorg!
Snorg is severely wounded.
Snorg closely misses you. Snorg barely misses you.
Snorg claws you but does no damage.
You slice Snorg!!
Snorg looks as sick as possible!
Snorg is almost dead.
You block Snorg's attack. Snorg claws you!
* * * LOW HITPOINT WARNING * * *
Snorg completely misses you.
You barely miss Snorg. Your headbutt misses Snorg.
Snorg is almost dead.
Snorg bites you!
* * * LOW HITPOINT WARNING * * *
Snorg claws you!
You die...
Your body crumbles into a pile of gold.

........## ..#
.......### ##.# #
#....#.# P..## ##.
#P..##.##....#
#P..####.........P#
#................#
###..#...##P.....##
#.......####......####
.......@# ##.........
.#.....T.####.........
##[......#.....###...
#.......####...###...
###...### #..........
#..# #.......... ^.#
#.....#.#PP ..#
#..#.#### # ##..###


You could see Snorg (berserk).

Vanquished Creatures
  Josephine (D:10)
  Harold (D:11)
  2 hydras
  A catoblepas (Lair:2)
  Erica (D:9)
  A two-headed ogre (D:8)
  Pikel (D:7)
  An ugly thing (D:11)
  An oklob plant (Lair:3)
  A manticore (Lair:2)
  9 elephants
  Joseph (D:7)
  2 black mambas (Lair:1)
  Psyche (D:9)
  A gargoyle (D:10)
  2 rime drakes (Lair:3)
  4 komodo dragons
  A polar bear (Lair:4)
  2 trolls
  3 blink frogs (Lair:3)
  4 hippogriffs
  Sigmund (D:2)
  3 spriggans
  4 wraiths (D:10)
  4 wyverns
  23 yaks
  A basilisk (Lair:1)
  A steam dragon (D:11)
  2 hungry ghosts
  3 wargs
  4 water moccasins
  6 porcupines
  5 orc warriors
  3 ice beasts
  2 sky beasts
  2 black bears
  6 ogres
  11 wolves
  3 centaurs
  5 crocodiles
  4 big kobolds
  17 bullfrogs
  7 scorpions
  11 wights
  4 howler monkeys
  5 crimson imps
  A quasit (D:6)
  6 hounds
  13 jellies
  7 orc priests
  6 iguanas
  17 orc wizards
  10 worker ants
  A killer bee zombie (D:5)
  A hound zombie (D:10)
  A hound skeleton (D:6)
  7 gnolls
  9 adders
  2 river rats (D:6)
  A shadow imp (D:11)
  10 oozes (Lair:3)
  2 adder zombies
  4 worms
  7 dart slugs
  11 leopard geckos
  50 orcs
  3 ball pythons
  9 giant cockroaches
  3 hobgoblins
  10 jackals
  18 kobolds
  5 quokkas
  12 bats
  10 frilled lizards
  6 goblins
  A leopard gecko skeleton (D:4)
  11 rats
  A plant (Lair:3)
433 creatures vanquished.

Vanquished Creatures (others)
  A worker ant (D:7)
  3 jackals (D:7)
  6 fungi
  A plant (Lair:2)
11 creatures vanquished.

Grand Total: 444 creatures vanquished

Notes
Turn   | Place    | Note
-------+----------+-------------------------------------------
     0 | D:1      | teukkam the Minotaur Fighter began the quest for the Orb.
     0 | D:1      | Reached XP level 1. HP: 19/19 MP: 0/0
    78 | D:3      | Reached XP level 2. HP: 26/27 MP: 1/1
   256 | D:3      | Noticed a big kobold
   256 | D:3      | Noticed a sky beast
   655 | D:3      | Reached XP level 3. HP: 22/33 MP: 2/2
   971 | D:4      | Reached skill level 1 in Throwing
   971 | D:4      | Reached XP level 4. HP: 41/41 MP: 3/3
  1052 | D:4      | Noticed a bullfrog
  1060 | D:4      | Killed a bullfrog
  1060 | D:4      | Reached XP level 5. HP: 44/47 MP: 4/4
  1226 | D:4      | Reached skill level 5 in Armour
  1240 | D:4      | Reached skill level 5 in Fighting
  1240 | D:4      | Reached XP level 6. HP: 50/56 MP: 5/5
  1398 | D:4      | Reached skill level 5 in Shields
  1594 | D:5      | Entered Level 5 of the Dungeon
  1971 | D:5      | Reached XP level 7. HP: 61/61 MP: 6/6
  2369 | D:5      | Reached skill level 5 in Axes
  3158 | D:6      | Found a glowing drain.
  3164 | D:6      | Reached XP level 8. HP: 70/70 MP: 7/7
  3189 | Sewer    | Entered a sewer
  3502 | D:6      | Found a hazy altar of Hepliaklqana.
  3682 | D:7      | Noticed Pikel
  3693 | D:7      | Killed Pikel
  3753 | D:7      | Found a staircase to the Ecumenical Temple.
  3765 | Temple   | Entered the Ecumenical Temple
  3913 | Temple   | Became a worshipper of Gozag Ym Sagoz the Greedy
  4372 | D:1      | Reached XP level 9. HP: 79/79 MP: 8/8
  5503 | D:2      | Noticed Sigmund
  5521 | D:2      | Killed Sigmund
  6550 | D:6      | Reached skill level 5 in Throwing
  7109 | D:7      | Found an ornate altar of the Wu Jian Council.
  7332 | D:8      | Noticed a two-headed ogre
  7363 | D:8      | Killed a two-headed ogre
  7734 | D:8      | Reached XP level 10. HP: 70/88 MP: 9/9
  8139 | D:8      | Found Ymuhuy's Magic Scroll Shoppe.
  8147 | D:8      | Bought a scroll of remove curse for 33 gold pieces
  8161 | D:8      | Bought a scroll of acquirement for 572 gold pieces
  8161 | D:8      | Bought a scroll of brand weapon for 220 gold pieces
  8458 | D:9      | Reached skill level 5 in Slings
  8579 | D:8      | Bought a scroll of brand weapon for 220 gold pieces
  8627 | D:9      | Noticed Erica
  8638 | D:9      | Killed Erica
  9192 | D:9      | Reached skill level 1 in Long Blades
  9206 | D:9      | Found Ditwo's Antique Weapon Boutique.
  9209 | D:9      | Bought an encrusted shortbow for 216 gold pieces
  9214 | D:9      | Identified the +7 shortbow of Okawaru's Supremacy
                  | {velocity, Int+6} (You bought it in a shop on level 9 of
                  | the Dungeon)
  9296 | D:9      | Noticed Psyche
  9301 | D:9      | Killed Psyche
  9555 | D:10     | Entered Level 10 of the Dungeon
  9555 | D:10     | Found Emed's Antique Weapon Shoppe.
  9730 | D:10     | Found a transporter.
  9730 | D:10     | Found a transporter.
  9730 | D:10     | Noticed a two-headed ogre
  9730 | D:10     | Noticed a two-headed ogre
  9730 | D:10     | Noticed Hogrash's ghost (journeyman HOMo)
  9742 | D:10     | Noticed Josephine
  9832 | D:9      | Bought a fine hand crossbow for 229 gold pieces
  9832 | D:9      | Identified the cursed +0 hand crossbow of Equivalence
                  | {velocity, Str+4 Stlth+} (You bought it in a shop on level
                  | 9 of the Dungeon)
 10399 | D:7      | Reached skill level 1 in Crossbows
 10567 | D:7      | Noticed Joseph
 10595 | D:7      | Reached skill level 2 in Crossbows
 10935 | D:7      | Killed Joseph
 10935 | D:7      | Reached skill level 3 in Crossbows
 10935 | D:7      | Reached XP level 11. HP: 67/97 MP: 10/10
 11770 | D:10     | Reached skill level 4 in Crossbows
 11878 | D:10     | Killed Josephine
 11878 | D:10     | Reached skill level 5 in Crossbows
 11896 | D:10     | Reached skill level 6 in Crossbows
 12410 | D:10     | Reached skill level 7 in Crossbows
 12618 | D:10     | Reached skill level 8 in Crossbows
 12811 | D:11     | Noticed a cyan ugly thing
 12926 | D:11     | Killed a cyan ugly thing
 12926 | D:11     | Reached skill level 9 in Crossbows
 12981 | D:11     | Noticed Harold
 12994 | D:11     | Killed Harold
 13529 | D:11     | Reached skill level 10 in Crossbows
 13635 | D:11     | Found a staircase to the Orcish Mines.
 13640 | D:11     | Found Lotynoy's Armour Emporium.
 13690 | D:11     | Found a staircase to the Lair.
 13796 | D:11     | Found Haulog's Assorted Antiques.
 13802 | D:11     | Bought a scroll of remove curse for 90 gold pieces
 13853 | D:10     | Bought an ebony spear for 240 gold pieces
 13854 | D:10     | Identified the +4 spear of the Ten Continents {elec, rPois
                  | Int+5} (You bought it in a shop on level 10 of the Dungeon)
 13894 | Lair:1   | Entered Level 1 of the Lair of Beasts
 13910 | Lair:1   | Reached skill level 1 in Polearms
 14017 | Lair:1   | Noticed an eight-headed hydra
 14026 | Lair:1   | Killed a four-headed hydra
 14193 | Lair:1   | You fall through a shaft!
 14220 | Lair:2   | Reached XP level 12. HP: 104/104 MP: 11/11
 14241 | Lair:2   | Reached skill level 11 in Crossbows
 14356 | Lair:2   | Noticed a six-headed hydra
 14367 | Lair:2   | Killed a three-headed hydra
 14367 | Lair:2   | Reached skill level 5 in Polearms
 14583 | Lair:2   | Found a staircase to the Shoals.
 15013 | Lair:2   | Noticed a catoblepas
 15030 | Lair:2   | Killed a catoblepas
 15030 | Lair:2   | Reached skill level 12 in Crossbows
 17264 | Lair:3   | Reached skill level 13 in Crossbows
 17303 | Lair:3   | Got a transparent robe
 17309 | Lair:3   | Got a jewelled war axe
 17310 | Lair:3   | Identified the +2 robe of Uskayaw's Fury {+Blink MP+9 Int+4
                  | SInv} (You found it on level 3 of the Lair of Beasts)
 17312 | Lair:3   | Identified the +5 war axe of Risk Management {venom, Int-2
                  | Dex+4 SInv} (You found it on level 3 of the Lair of Beasts)
 17519 | Lair:3   | Reached XP level 13. HP: 77/111 MP: 12/12
 18479 | Lair:4   | Noticed Snorg
 18492 | Lair:4   | Slain by Snorg

Skill      XL: |  1  2  3  4  5  6  7  8  9 10 11 12 13 |
---------------+----------------------------------------+-----
Armour         | 4 5 6 7 8 9 |  9.3
Fighting       | 4 5 6 7 8 9 |  9.2
Shields        | 4 5 6 7 8 9 |  9.2
Axes           | 3 4 5 6 7 8 9 |  9.3
Throwing       | 1 2 3 4 5 6 |  6.8
Slings         | 2 4 5 |  5.9
Long Blades    | 2 |  2.1
Crossbows      | 3 10 13 | 13.4
Polearms       | 3 9 |  9.6

Action                   |  1- 3 |  4- 6 |  7- 9 | 10-12 | 13-15 || total
-------------------------+-------+-------+-------+-------+-------++-------
Melee: War axe           |    48 |    74 |   321 |   144 |    75 ||   662
       Headbutt          |     7 |    13 |    57 |    91 |    27 ||   195
       Hand crossbow     |       |       |       |     4 |       ||     4
       Spear             |       |       |       |   238 |       ||   238
       Scimitar          |       |       |       |    10 |       ||    10
 Fire: Blowgun           |       |    25 |    20 |       |       ||    45
       Hunting sling     |       |       |    92 |    43 |       ||   135
       Hand crossbow     |       |       |       |   357 |    14 ||   371
Throw: Tomahawk          |       |       |     1 |    11 |       ||    12
       Javelin           |       |       |       |    10 |       ||    10
       Stone             |       |       |       |     2 |       ||     2
Invok: Potion Petition   |       |       |       |     1 |       ||     1
Evoke: Wand              |       |       |       |     7 |       ||     7
  Use: Scroll            |       |     1 |     7 |    11 |       ||    19
       Potion            |       |       |     6 |     1 |     1 ||     8
 Stab: Distracted        |       |       |       |     5 |       ||     5
  Eat: Chunk             |       |     3 |     7 |       |       ||    10
       Ration            |       |       |     4 |     9 |     1 ||    14
Armor: Scale mail        |    19 |     2 |       |       |       ||    21
       Chain mail        |       |    29 |   145 |   214 |    32 ||   420
Dodge: Dodged            |    20 |    18 |    98 |   171 |    22 ||   329
Block: Shield            |    25 |    43 |   191 |     7 |       ||   266
       Buckler           |       |       |       |   148 |    25 ||   173
